General information
- name: BNet
- type: Ladder 1vs1/FFA
- host: Battle.net
- saver: MrBonesWildRide
map: TwistedMeadows
- players: 2
- length: 162:53
- speed: Fast
- version: 1.26 W3XP
- replay type: Public
» download(427 KB)
Players
team 1 (winner)
MrBonesWildRide (
orange | 51 APM | 8282 actions | 162:53)
7 Archmage
3 Blizzard
3 Brilliance Aura
1 Mass Teleport
6 Blood Mage
3 Flame Strike
1 Siphon Mana
1 Banish
1 Summon Phoenix
6 Dark Ranger
2 Life Drain
3 Silence
1 Charm
» actions
| Assign group hotkey | 144 | |
| Basic commands | 343 | |
| Build / train | 273 | |
| ESC pressed | 3 | |
| Enter build submenu | 134 | |
| Enter hero's abilities submenu | 19 | |
| Give item / drop item | 34 | |
| Remove unit from queue | 7 | |
| Right click | 3124 | |
| Select / deselect | 1783 | |
| Select group hotkey | 1197 | |
| Use ability | 1221 | |
8282 total
» units
| Peasant | 37 | |
| Goblin Shredder | 2 | |
| Goblin Zeppelin | 5 | |
| Goblin Sapper | 3 | |
| Dragonhawk Rider | 13 | |
| Sorceress | 2 | |
| Ogre Mauler | 1 | |
| Mud Golem | 1 | |
| Flying Machine | 16 | |
| Siege Engine | 7 | |
| Wisp | 4 | |
| Druid of the Talon | 1 | |
92 total
» upgrades
| Masonry | 3 | |
| Cloud | 1 | |
| Swords | 3 | |
| Animal War Training | 1 | |
| Magic Sentry | 1 | |
| Sorceress Training | 2 | |
| Armor | 2 | |
| Priest Training | 2 | |
| Barrage | 1 | |
| Flak Cannons | 1 | |
| Fragmentation Shards | 0 | |
| Flare | 0 | |
| Plating | 3 | |
| Gunpowder | 3 | |
| Flying Machine Bombs | 1 | |
| Druid of the Talon Training | 2 | |
26 total
» buildings
| Altar of Kings | 1 | |
| Farm | 18 | |
| Arcane Vault | 3 | |
| Lumber Mill | 2 | |
| Scout Tower | 162 | |
| Arcane Tower | 14 | |
| Guard Tower | 51 | |
| Town Hall | 5 | |
| Keep | 2 | |
| Castle | 2 | |
| Gryphon Aviary | 7 | |
| Barracks | 1 | |
| Arcane Sanctum | 1 | |
| Blacksmith | 2 | |
| Workshop | 1 | |
| Tree of Life | 1 | |
| Ancient of Wonders | 1 | |
| Tree of Ages | 1 | |
| Moon Well | 3 | |
| Altar of Elders | 1 | |
| Tree of Eternity | 1 | |
| Ancient of Wind | 1 | |
281 total
» build order
00:10 Altar of Kings
00:25 Farm
00:47 Arcane Vault
01:05 Lumber Mill
01:08 Farm
01:18 Farm
01:38 Scout Tower
02:25 Arcane Tower
03:19 Scout Tower
03:20 Scout Tower
03:57 Guard Tower
04:08 Scout Tower
04:09 Scout Tower
04:16 Scout Tower
04:17 Scout Tower
04:36 Scout Tower
04:37 Scout Tower
05:15 Town Hall
05:16 Guard Tower
05:21 Guard Tower
05:39 Scout Tower
06:26 Scout Tower
06:26 Scout Tower
06:29 Guard Tower
06:31 Scout Tower
06:58 Keep
07:00 Arcane Tower
07:10 Guard Tower
07:12 Scout Tower
07:12 Scout Tower
07:29 Guard Tower
07:31 Arcane Vault
07:49 Scout Tower
08:10 Scout Tower
08:11 Scout Tower
08:16 Guard Tower
08:36 Arcane Tower
08:46 Guard Tower
09:58 Farm
11:14 Castle
11:15 Guard Tower
11:55 Gryphon Aviary
11:58 Gryphon Aviary
11:58 Gryphon Aviary
12:44 Farm
13:58 Barracks
14:00 Arcane Sanctum
14:37 Scout Tower
14:37 Scout Tower
14:38 Scout Tower
14:39 Scout Tower
14:39 Scout Tower
14:40 Scout Tower
14:54 Scout Tower
15:35 Arcane Tower
16:02 Blacksmith
16:03 Guard Tower
23:44 Scout Tower
23:44 Scout Tower
23:45 Scout Tower
24:12 Guard Tower
24:13 Guard Tower
24:57 Guard Tower
26:43 Scout Tower
26:43 Scout Tower
26:44 Scout Tower
26:45 Scout Tower
26:46 Scout Tower
26:47 Scout Tower
26:48 Scout Tower
26:48 Scout Tower
27:38 Guard Tower
27:40 Town Hall
28:40 Guard Tower
28:42 Scout Tower
28:43 Guard Tower
28:44 Scout Tower
28:45 Scout Tower
29:31 Arcane Tower
29:32 Guard Tower
29:50 Arcane Tower
33:42 Scout Tower
33:43 Scout Tower
33:44 Scout Tower
33:44 Scout Tower
33:46 Scout Tower
33:47 Scout Tower
33:47 Scout Tower
33:48 Scout Tower
34:22 Scout Tower
34:22 Scout Tower
34:23 Scout Tower
34:23 Scout Tower
34:24 Scout Tower
34:26 Scout Tower
34:27 Scout Tower
34:27 Scout Tower
34:58 Scout Tower
35:01 Guard Tower
35:04 Scout Tower
35:06 Scout Tower
35:08 Scout Tower
35:09 Scout Tower
35:11 Town Hall
35:12 Guard Tower
36:06 Guard Tower
36:13 Scout Tower
36:14 Scout Tower
36:24 Arcane Tower
36:27 Scout Tower
37:18 Scout Tower
37:22 Scout Tower
37:24 Scout Tower
37:28 Guard Tower
37:58 Guard Tower
38:03 Scout Tower
38:04 Scout Tower
38:06 Scout Tower
38:08 Scout Tower
38:48 Guard Tower
38:54 Scout Tower
38:54 Scout Tower
38:59 Scout Tower
39:02 Scout Tower
39:03 Scout Tower
39:32 Guard Tower
39:37 Scout Tower
41:25 Workshop
41:28 Guard Tower
41:29 Keep
41:31 Guard Tower
42:05 Scout Tower
42:06 Scout Tower
42:11 Scout Tower
42:16 Scout Tower
42:18 Scout Tower
42:38 Guard Tower
42:39 Guard Tower
43:11 Farm
43:14 Farm
43:15 Farm
43:16 Farm
43:23 Guard Tower
45:16 Town Hall
45:20 Scout Tower
45:20 Scout Tower
45:21 Scout Tower
45:22 Scout Tower
45:25 Scout Tower
45:25 Scout Tower
45:26 Scout Tower
45:27 Scout Tower
45:28 Scout Tower
45:30 Scout Tower
45:30 Scout Tower
45:31 Scout Tower
45:33 Scout Tower
45:34 Scout Tower
46:25 Guard Tower
46:27 Scout Tower
47:01 Guard Tower
48:10 Guard Tower
48:14 Scout Tower
49:47 Guard Tower
52:01 Castle
52:28 Arcane Vault
53:11 Gryphon Aviary
53:15 Gryphon Aviary
53:22 Gryphon Aviary
53:26 Gryphon Aviary
53:39 Scout Tower
53:40 Scout Tower
53:44 Scout Tower
53:45 Scout Tower
53:46 Scout Tower
53:47 Scout Tower
53:48 Scout Tower
53:53 Scout Tower
53:53 Scout Tower
53:54 Scout Tower
53:55 Scout Tower
53:57 Scout Tower
53:58 Scout Tower
54:23 Guard Tower
55:08 Town Hall
55:11 Scout Tower
55:12 Scout Tower
55:12 Scout Tower
55:13 Scout Tower
55:15 Scout Tower
55:16 Scout Tower
55:17 Scout Tower
55:18 Scout Tower
55:20 Scout Tower
55:20 Scout Tower
55:21 Scout Tower
55:22 Scout Tower
55:38 Arcane Tower
55:40 Arcane Tower
55:42 Guard Tower
55:47 Arcane Tower
56:06 Guard Tower
56:18 Guard Tower
56:25 Scout Tower
56:27 Scout Tower
56:28 Scout Tower
56:29 Scout Tower
56:50 Guard Tower
56:51 Guard Tower
58:47 Arcane Tower
58:49 Arcane Tower
58:50 Arcane Tower
58:53 Guard Tower
59:59 Scout Tower
60:00 Scout Tower
60:00 Scout Tower
60:01 Scout Tower
60:10 Scout Tower
60:11 Scout Tower
60:15 Scout Tower
60:17 Scout Tower
60:21 Scout Tower
60:21 Scout Tower
60:27 Scout Tower
60:27 Scout Tower
60:30 Scout Tower
60:36 Scout Tower
60:37 Scout Tower
60:40 Scout Tower
60:42 Scout Tower
60:44 Scout Tower
60:44 Scout Tower
60:48 Guard Tower
63:56 Guard Tower
64:01 Guard Tower
64:09 Scout Tower
64:10 Scout Tower
64:13 Scout Tower
64:14 Scout Tower
64:16 Scout Tower
64:58 Guard Tower
66:47 Guard Tower
66:49 Scout Tower
66:50 Scout Tower
66:54 Scout Tower
67:27 Guard Tower
67:30 Scout Tower
67:34 Scout Tower
67:36 Guard Tower
67:38 Scout Tower
67:49 Guard Tower
68:18 Guard Tower
68:25 Scout Tower
68:26 Scout Tower
70:57 Guard Tower
71:03 Farm
71:05 Farm
73:29 Blacksmith
73:30 Farm
74:12 Scout Tower
74:13 Scout Tower
74:13 Scout Tower
77:39 Farm
78:41 Farm
78:55 Farm
78:58 Farm
79:42 Lumber Mill
80:35 Farm
80:50 Guard Tower
80:56 Farm
83:55 Tree of Life
86:35 Ancient of Wonders
87:03 Tree of Ages
87:32 Moon Well
87:44 Moon Well
90:19 Moon Well
90:25 Altar of Elders
92:52 Tree of Eternity
119:52 Scout Tower
122:11 Arcane Tower
132:18 Ancient of Wind
» items
| Scroll of Regeneration | 9 | |
| Lesser Clarity Potion | 5 | |
| Boots of Speed | 3 | |
| Staff of Teleportation | 3 | |
| Potion of Healing | 8 | |
| Potion of Invisibility | 2 | |
| Scroll of Town Portal | 5 | |
| Potion of Lesser Invulnerability | 2 | |
| Staff of Sanctuary | 3 | |
| Ivory Tower | 3 | |
| Mechanical Critter | 12 | |
55 total
team 2 (loser)
Captorhinus (
green | 57 APM | 9237 actions | 162:43)
5 Demon Hunter
2 Immolation
3 Evasion
4 Warden
2 Blink
2 Shadow Strike
3 Priestess of the Moon
1 Scout
2 Searing Arrows
» actions
| Assign group hotkey | 101 | |
| Basic commands | 38 | |
| Build / train | 310 | |
| Enter build submenu | 49 | |
| Enter hero's abilities submenu | 12 | |
| Give item / drop item | 10 | |
| Remove unit from queue | 18 | |
| Right click | 3112 | |
| Select / deselect | 1600 | |
| Select group hotkey | 3547 | |
| Use ability | 439 | |
9237 total
» units
| Wisp | 58 | |
| Archer | 59 | |
| Goblin Shredder | 3 | |
| Goblin Sapper | 4 | |
| Dryad | 20 | |
| Hippogryph | 63 | |
| Glaive Thrower | 3 | |
| Druid of the Talon | 10 | |
| Goblin Zeppelin | 3 | |
| Chimaera | 5 | |
228 total
» upgrades
| Improved Bows | 1 | |
| Marksmanship | 1 | |
| Well Spring | 1 | |
| Nature's Blessing | 1 | |
| Abolish Magic | 1 | |
| Strength of the Moon | 3 | |
| Vorpal Blades | 1 | |
| Hippogryph Taming | 1 | |
| Moon Armor | 3 | |
| Ultravision | 1 | |
| Druid of the Talon Training | 2 | |
| Strength of the Wild | 3 | |
| Reinforced Hides | 3 | |
| Corrosive Breath | 1 | |
| Mark of the Talon | 1 | |
| Druid of the Claw Training | 1 | |
25 total
» buildings
| Altar of Elders | 2 | |
| Moon Well | 27 | |
| Ancient of War | 2 | |
| Ancient of Wonders | 1 | |
| Tree of Ages | 2 | |
| Tree of Life | 10 | |
| Tree of Eternity | 2 | |
| Hunter's Hall | 2 | |
| Ancient of Lore | 1 | |
| Ancient Protector | 5 | |
| Ancient of Wind | 1 | |
| Chimaera Roost | 1 | |
56 total
» build order
00:34 Altar of Elders
00:43 Moon Well
00:56 Ancient of War
01:36 Moon Well
01:58 Moon Well
02:34 Moon Well
02:59 Moon Well
03:31 Moon Well
03:37 Moon Well
04:05 Moon Well
04:16 Moon Well
05:25 Moon Well
07:34 Ancient of Wonders
08:57 Tree of Ages
09:19 Tree of Life
12:20 Tree of Eternity
13:35 Tree of Life
14:07 Hunter's Hall
15:32 Moon Well
15:33 Moon Well
15:34 Moon Well
15:35 Moon Well
15:37 Moon Well
15:38 Moon Well
15:46 Ancient of Lore
17:44 Ancient Protector
17:47 Ancient Protector
17:58 Ancient Protector
18:08 Ancient Protector
19:39 Ancient of Wind
21:43 Ancient Protector
25:43 Tree of Life
26:58 Tree of Life
41:45 Tree of Life
42:39 Moon Well
44:16 Moon Well
49:21 Tree of Life
52:10 Moon Well
53:35 Moon Well
54:22 Tree of Life
54:29 Moon Well
56:16 Tree of Life
56:46 Moon Well
58:09 Hunter's Hall
59:18 Chimaera Roost
63:42 Tree of Ages
63:50 Ancient of War
64:09 Tree of Life
66:20 Moon Well
66:34 Tree of Life
68:04 Altar of Elders
73:06 Tree of Eternity
126:40 Moon Well
127:50 Moon Well
128:09 Moon Well
152:35 Moon Well
» items
| Staff of Teleportation | 3 | |
| Boots of Speed | 1 | |
| Periapt of Vitality | 1 | |
| Scroll of Town Portal | 9 | |
| Scroll of Protection | 4 | |
| Scroll of Healing | 2 | |
| Orb of Venom | 3 | |
23 total
Chat log
(00:19 / All) Captorhinus: gl bones
(25:19 / All) MrBonesWildRide: lol
(62:58 / All) MrBonesWildRide: worth?
(63:46 / All) MrBonesWildRide: guess not
(65:18 / All) MrBonesWildRide: pop
(72:31 / All) MrBonesWildRide: did you forget someone?
(77:27 / All) MrBonesWildRide: you know chimeras cant hit air right
(78:18 / All) MrBonesWildRide: and youre STILL chasing with the chimeras
(88:37 / All) Captorhinus: hmmmmm
(89:14 / All) MrBonesWildRide: it WAS A good thing that you stayed in upkeep all game
(89:29 / All) MrBonesWildRide: gold is for chumps
(91:31 / All) MrBonesWildRide: WELCOME ABOARD MR BONES WILD RIDE
(91:42 / All) MrBonesWildRide: REMEMBER YOURE HERE FOREVER
(92:40 / All) MrBonesWildRide: THE RIDE NEVER ENDS
(94:02 / All) MrBonesWildRide: Do you want to get off MR BONES WILD RIDE?
(94:21 / All) Captorhinus: in a couple hrs
(94:37 / All) MrBonesWildRide: THE RIDE NEVER ENDS
(97:02 / All) MrBonesWildRide: REMEMBER, YOURE HERE FOREVER
(98:55 / All) MrBonesWildRide: THE RIDE NEVER ENDS!
(100:13 / All) MrBonesWildRide: Do you want to get off MR BONES WILD RIDE?
(100:33 / All) Captorhinus: 1:45
(100:42 / All) MrBonesWildRide: THE RIDE NEVER ENDS
(101:15 / All) MrBonesWildRide: REMEMBER, YOU'RE HERE FOREVER!
(102:27 / All) MrBonesWildRide: THE RIDE NEVER ENDS
(102:33 / All) MrBonesWildRide: Do you want to get off MR BONES WILD RIDE?
(102:38 / All) Captorhinus: yes
(102:47 / All) MrBonesWildRide: REMEMBER, YOU'RE HERE FOREVER!
(103:00 / All) Captorhinus: ultimately forgetable
(103:11 / All) MrBonesWildRide: Do you want to get off MR BONES WILD RIDE?
(103:19 / All) Captorhinus: no
(103:26 / All) MrBonesWildRide: THE RIDE NEVER ENDS!
(104:20 / All) MrBonesWildRide: Do you want to get off MR BONES WILD RIDE?
(105:17 / All) MrBonesWildRide: WELCOME ABOARD MR BONES WILD RIDE!
(109:45 / All) MrBonesWildRide: Do you want to get off MR BONES WILD RIDE?
(112:04 / All) MrBonesWildRide: Do you want to get off MR BONES WILD RIDE?
(112:52 / All) MrBonesWildRide: THE RIDE NEVER ENDS
(113:58 / All) MrBonesWildRide: REMEMBER, YOU'RE HERE FOREVER!
(114:48 / All) MrBonesWildRide: Here's a fun mini-game while we wait: I've hidden 12 critters in the map try to find them all
(115:12 / All) MrBonesWildRide: If you win, I might let you off MR BONES WILD RIDE!
(115:40 / All) MrBonesWildRide: Do you want to get off MR BONES WILD RIDE?
(115:58 / All) Captorhinus: do you?
(116:08 / All) MrBonesWildRide: THE RIDE NEVER ENDS!
(116:59 / All) MrBonesWildRide: THE RIDE NEVER ENDS!
(118:30 / All) MrBonesWildRide: REMEMBER, YOU'RE HERE FOREVER1
(121:21 / All) MrBonesWildRide: THE RIDE NEVER ENDS!
(122:07 / All) MrBonesWildRide: Can you find all 12 mechanical critters? Hint: none are on the islands.
(123:38 / All) MrBonesWildRide: 11
(124:32 / All) MrBonesWildRide: THE RIDE NEVER ENDS
(126:15 / All) MrBonesWildRide: THE RIDE NEVER ENDS
(126:52 / All) Captorhinus: actually i think it will end soon
(127:04 / All) MrBonesWildRide: REMEMBER, YOU'RE HERE FOREVER
(127:19 / All) Captorhinus: i dont know what you mean by that
(127:29 / All) MrBonesWildRide: THE RIDE NEVER ENDS
(130:24 / All) MrBonesWildRide: THE RIDE NEVER ENDS!
(131:23 / All) MrBonesWildRide: CAN YOU FIND ALL 12 CRITTERS BEFORE THE TIMER RUNS OUT?
(131:28 / All) MrBonesWildRide: 11 LEFT
(133:38 / All) MrBonesWildRide: WELCOME ABOARD MR BONES WILD RIDE!
(136:00 / All) MrBonesWildRide: THE RIDE NEVER ENDS!
(138:52 / All) MrBonesWildRide: Can you find all 12 critters? 11 remain
(140:28 / All) MrBonesWildRide: WELCOME ABOARD MR BONES WILD RIDE!
(140:36 / All) Captorhinus: im hungry
(140:42 / All) MrBonesWildRide: THE RIDE NEVER ENDS!
(145:14 / All) MrBonesWildRide: REMEMBER, YOURE HERE FOREVER!
(146:59 / All) MrBonesWildRide: WELCOME ABOARD MR BONES WILD RIDE!
(149:03 / All) MrBonesWildRide: 11 CRITTERS TO GO!
(152:05 / All) MrBonesWildRide: THE RIDE NEVER ENDS!
(152:25 / All) MrBonesWildRide: YOURE ON MR BONES WILD RIDE!
(154:10 / All) MrBonesWildRide: THE RIDE NEVER ENDS!
(157:00 / All) MrBonesWildRide: THE RIDE NEVER ENDS!
(157:39 / All) MrBonesWildRide: REMEMBER, YOU'RE HERE FOREVER!
(158:57 / All) MrBonesWildRide: REMEMBER YOURE HERE FOREVER!
(159:52 / All) MrBonesWildRide: WELCOME ABOARD MR BONES WILD RIDE!
(160:30 / All) MrBonesWildRide: YOU CAN NEVER LEAVE
(160:35 / All) MrBonesWildRide: Do you want to get off MR BONES WILD RIDE?
(161:44 / All) MrBonesWildRide: THE RIDE NEVER ENDS!
(162:24 / All) Captorhinus: gg
(162:27 / All) MrBonesWildRide: THE RIDE NEVER ENDS